 Dungeon Crawl Stone Soup version 0.30-a0-377-g5cb311bc9f (webtiles) character file.

Game seed: 15926457998112160358

182 porpoise the Shooter (level 5, 0/32 HPs)
             Began as a Tengu Hunter on Nov 30, 2022.
             Slain by a phantom (3 damage)
             ... on level 3 of the Dungeon.
             The game lasted 00:07:50 (2458 turns).

porpoise the Shooter (Tengu Hunter)                 Turns: 2458, Time: 00:07:51

Health: 0/32       AC:  3    Str: 12    XL:     5   Next: 61%
Magic:  6/6        EV: 14    Int:  9    God:
Gold:   98         SH:  0    Dex: 19    Spells: 4/4 levels left

rFire   . . .      SeeInvis .    a - +0 shortbow
rCold   + . .      Faith    .    (shield currently unavailable)
rNeg    . . .      Spirit   .    r - +0 leather armour {rC+}
rPois   .          Reflect  .    (helmet restricted)
rElec   .          Harm     .    (no cloak)
rCorr   .          Rampage  .    (no gloves)
Will    .....                    (boots unavailable)
Stlth   ++........               (no amulet)
HPRegen 0.25/turn                (no ring)
MPRegen 0.10/turn                (no ring)

@: mighty, flying quickly and evasively, quick
A: beak, talons 3, nimble flight
a: no special abilities


You were on level 3 of the Dungeon.
You visited 1 branch of the dungeon, and saw 4 of its levels.

You collected 197 gold pieces.
You spent 99 gold pieces at shops.

Inventory:

Hand Weapons
 a - a +0 shortbow (weapon)
 b - a +0 dagger
 h - a +4 mace
Missiles
 c - 3 boomerangs
 m - 5 poisoned darts
 u - a throwing net
Armour
 r - a +0 leather armour of cold resistance (worn)
 t - a scarf of repulsion
Wands
 v - a wand of mindburst (3)
Scrolls
 d - a scroll of immolation
 g - a scroll of fear {unknown}
 i - 2 scrolls of poison
 p - a scroll of teleportation {unknown}
 q - a scroll of enchant armour {unknown}
 s - a scroll of torment {unknown}
Potions
 j - a potion of lignification
 n - 3 potions of curing
 o - a potion of resistance


   Skills:
 + Level 3.5 Fighting
 * Level 6.5 Ranged Weapons
 - Level 2.1 Dodging
 - Level 1.0 Stealth


You had 4 spell levels left.
You didn't know any spells.
Your spell library contained the following spells:

 Spells                   Type           Power      Damage    Failure   Level
 Cigotuvi's Dreadful Rot  Necr/Pois/Air  0%         N/A       61%         2
 Dispel Undead            Necr           0%         3d6       99%         4
 Death Channel            Necr           0%         N/A       100%        6


Dungeon Overview and Level Annotations

Branches:
Dungeon (4/15)
 Temple: D:4-7

Altars:
Dithmenos

Shops:
D:2 [!:(*

Annotations:
D:4 Dowan; Duvessa; bande's ghost, amateur GrFi


Innate Abilities, Weirdness & Mutations

You have a beak for a mouth.
You have claws for feet.
Your magical nature lets you fly swiftly and evasively.


Message History

Reactivating autopickup.
There is a stone staircase leading down here.
You are too injured to fight recklessly!
You are too injured to fight recklessly!
Fire: a) +0 shortbow
Press: ? - help, Q - select action, (/) - cycle Shift-Dir - straight line, f - hound
Aim: a hound (heavily wounded, 56% to hit)
You shoot an arrow.
The arrow hits the hound but does no damage.
The hound is heavily wounded.
The hound bites you.
* * * LOW HITPOINT WARNING * * *
The hound barely misses you.
The phantom hits you but does no damage.
Fire: a) +0 shortbow
Press: ? - help, Q - select action, (/) - cycle Shift-Dir - straight line, f/p - hound
Aim: a hound (heavily wounded, 56% to hit)
You shoot an arrow. The arrow hits the hound!
You kill the hound!
The phantom hits you.
* * * LOW HITPOINT WARNING * * *
The phantom blinks!
You blink.
You feel better. The phantom misses you.
You feel very mighty all of a sudden. The phantom closely misses you.
Fire: a) +0 shortbow
Press: ? - help, Q - select action, (/) - cycle Shift-Dir - straight line, f - phantom
Aim: a phantom (56% to hit)
You shoot an arrow.
The arrow hits the phantom but does no damage.
The phantom hits you.
The phantom blinks!
You blink.
The phantom hits you!
* * * LOW HITPOINT WARNING * * *
The phantom blinks!
You blink.
Fire: a) +0 shortbow
Press: ? - help, Q - select action, (/) - cycle Shift-Dir - straight line, f/p - phantom
Aim: a phantom (56% to hit)
You shoot an arrow. The arrow hits the phantom.
The phantom is lightly damaged.
The phantom hits you.
You die...

#.................#....# #####.
#...................#### #.
#..........§.......## ####
#..........§......###########...
#.......>.............[.........
#.................###########...
##......>....§....# #...
##.....##....§.W.# #...
##########...@..# #... ########
#... #... ####


You could see a phantom.

Vanquished Creatures
  A hound (D:3)
  Terence (D:3)
  3 adders
  3 gnolls (D:3)
  A worm (D:3)
  A dart slug (D:2)
  3 orcs
  6 bats
  7 endoplasms
  4 giant cockroaches
  5 goblins
  6 hobgoblins
  4 jackals (D:2)
  A quokka (D:3)
  2 ball pythons
  5 frilled lizards
  6 kobolds
  6 rats
65 creatures vanquished.

Notes
Turn   | Place    | Note
-------+----------+-------------------------------------------
     0 | D:1      | porpoise the Tengu Hunter began the quest for the Orb.
     0 | D:1      | Reached XP level 1. HP: 12/12 MP: 2/2
   175 | D:1      | Reached XP level 2. HP: 17/17 MP: 3/3
   399 | D:1      | Reached skill level 5 in Ranged Weapons
   924 | D:2      | Reached XP level 3. HP: 22/22 MP: 4/4
   937 | D:2      | Found Onoacostruk's Armour Shoppe.
  1064 | D:2      | Found Lipracou's Assorted Antiques.
  1072 | D:2      | Bought a cyan potion for 18 gold pieces
  1072 | D:2      | Bought a fizzy puce potion for 18 gold pieces
  1072 | D:2      | Bought a scroll labelled SOTHRY BEDOADY for 21 gold pieces
  1072 | D:2      | Bought a scroll labelled ACSUOKK NOAR for 21 gold pieces
  1092 | D:2      | Found Qurut's Weapon Shoppe.
  1210 | D:2      | Found Xedd's Book Shoppe.
  1294 | D:2      | Found Koidwiur's Distillery.
  1342 | D:2      | Bought a scroll labelled USELOSHR NEITA for 21 gold pieces
  1587 | D:2      | Reached XP level 4. HP: 23/27 MP: 5/5
  1621 | D:3      | Noticed Terence
  1632 | D:3      | Killed Terence
  1686 | D:3      | Reached skill level 6 in Ranged Weapons
  1800 | D:3      | Found a shadowy altar of Dithmenos.
  1813 | D:3      | Gained mutation: Your magical nature lets you fly swiftly
                  | and evasively. [Tengu growth]
  1813 | D:3      | Reached XP level 5. HP: 26/32 MP: 6/6
  2278 | D:4      | Noticed Dowan
  2280 | D:4      | Noticed Duvessa
  2423 | D:4      | Noticed bande's ghost (amateur GrFi)
  2438 | D:4      | Noticed an ogre
  2442 | D:4      | Noticed a phantom
  2458 | D:3      | Slain by a phantom

Illustrated notes

Levels and vault maps discovered:
D:1:      dpeg_arrival_rooms_b, layout_basic
D:2:      layout_rooms, serial_corexii_hall, corexii_hall_statues_i,
          corexii_hall_statues_i, corexii_hall_statues_i,
          corexii_hall_statues_deadend, corexii_hall_statues_i,
          corexii_hall_statues_deadend, serial_shops, nicolae_shop_trees, shop,
          nicolae_shop_stone, shop, nicolae_square_shop, dk_vineyard_1
D:3:      layout_rooms, lemuel_tele_altar, uniq_terence
D:4:      layout_cave_pools, makhleb_heckhound_becter, gammafunk_ghost_split,
          glass_columns_b, dk_noncrumbling_3, uniq_menkaure, uniq_duvessa

Skill      XL: |  1  2  3  4 |
---------------+-------------+-----
Ranged Weapons | 5 6 |  6.5
Fighting       | 3 |  3.5
Dodging        | |  2.1
Stealth        | |  1.0

Action                   |  1- 3 |  4- 6 || total
-------------------------+-------+-------++-------
 Fire: Shortbow          |    93 |    65 ||   158
  Use: Scroll            |       |     7 ||     7
       Potion            |       |     2 ||     2
Armor: Leather armour    |    10 |     8 ||    18
Dodge: Dodged            |    17 |    21 ||    38

Table legend: (Time is in decaauts)
 A = Elapsed time spent in this place.
 B = Non-inter-level travel time spent in this place.
 C = Inter-level travel time spent in this place.
 D = Time resting spent in this place.
 E = Time spent auto-exploring this place.
 F = Levels seen in this place.
 G = Mean time per level.
                   A        B        C        D        E       F      G
               +--------+--------+--------+--------+--------+-----+--------+
         Total |   2457 |   2240 |    217 |    223 |   1644 |   4 |  614.2 |
       Dungeon |   2457 |   2240 |    217 |    223 |   1644 |   4 |  614.2 |
               +--------+--------+--------+--------+--------+-----+--------+

Top non-repeatable levels by time:
     D:1: 922 daAuts
     D:2: 704 daAuts
     D:3: 688 daAuts
     D:4: 141 daAuts
